 Dungeon Sprint DCSS version 0.29-a0-723-gce39da1c22 (webtiles) character file.

Game seed: 5973485188525347589

61965 mhtbhm the Ninja (level 13, -2/65 HPs)
             Began as a Spriggan Enchanter on June 27, 2022.
             Was the Champion of Dithmenos.
             Slain by a spriggan defender
             ... wielding a +0 dagger
              (22 damage)
             ... in the Dungeon (Sprint III: "The Ten Rune Challenge") on June 28, 2022.
             The game lasted 00:19:50 (3331 turns).

mhtbhm the Ninja (Spriggan Enchanter)               Turns: 3331, Time: 00:19:51

Health: -2/65      AC:  4    Str:  4    XL:     13   Next: 39%
Magic:  32/38      EV: 25    Int: 16    God:    Dithmenos [******]
Gold:   437        SH:  0    Dex: 21    Spells: 23/52 levels left

rFire   . . .      SeeInvis +   a - +6 short sword of the Hurting Boar {pain, rN+}
rCold   . . .      Faith    .   (no shield)
rNeg    + . .      Spirit   .   b - +0 robe {Will+}
rPois   +          Reflect  .   (helmet restricted)
rElec   .          Harm     .   o - +1 cloak {rPois}
rCorr   .          Rampage  .   (gloves unavailable)
Will    +++..      NoTele   +   (boots unavailable) Stlth *********+
                                (no amulet)
HPRegen 0.20/turn               (no ring)
MPRegen 0.26/turn               (no ring)

@: hasted, wreathed by umbra, very quick
A: very small, no large weapons, unfitting armour, see invisible, speed 3
}: 2/10 runes: serpentine, barnacled
a: Renounce Religion, Shadow Step, Shadow Form


You were in the Dungeon.
You worshipped Dithmenos.
Dithmenos was exalted by your worship.
You visited 1 branch You collected 3232 gold pieces.
You spent 2795 gold pieces at shops.

Inventory:

Hand Weapons
 a - the +6 short sword of the Hurting Boar (weapon) {pain, rN+}
   (You bought it in a shop in the Dungeon)

   In the hands of one skilled in necromantic magic, it inflicts extra damage on
   living creatures.
   rN:        It protects you from negative energy.
Missiles
 q - a curare-tipped dart (quivered)
Armour
 b - a +0 robe of willpower (worn)
 o - a +1 cloak of poison resistance (worn)
 u - a scarf of invisibility
Wands
 n - a wand of flame (4)
Scrolls
 i - 5 scrolls of blinking
 j - 2 scrolls of immolation
Potions
 c - 2 potions of invisibility
 d - 3 potions of curing
 e - 2 potions of heal wounds
 f - 2 potions of haste
 g - 2 potions of magic
 l - 4 potions of flight
 m - 5 potions of mutation
 r - 2 potions of lignification
 t - 2 potions of attraction
 v - a potion of might
Miscellaneous
 p - a phial of floods


   Skills:
 + Level 6.0 Fighting
 + Level 11.1 Short Blades
 + Level 3.2 Throwing
 + Level 9.3 Dodging
 O Level 27 Stealth
 + Level 20.3 Spellcasting
 + Level 3.2 Conjurations
 + Level 20.3 Hexes
 + Level 3.8 Necromancy
 + Level 10.9 Ice Magic
 + Level 6.0 Invocations
 + Level 2.7 Evocations


You had 23 spell levels left.
You knew the following spells:

 Your Spells              Type           Power      Damage    Failure   Level
a - Ensorcelled Hibernat  Hex/Ice        100%       N/A       0%          2
b - Confusing Touch       Hex            69%        N/A       0%          3
c - Tukima's Dance        Hex            69%        N/A       0%          3
d - Sublimation of Blood  Necr           28%        N/A       1%          2
e - Dazzling Flash        Conj/Hex       100%       N/A       1%          3
f - Enfeeble              Hex            34%        N/A       1%          7
g - Anguish               Hex/Necr       26%        N/A       1%          4
h - Passwall              Tmut/Erth      13%        N/A       4%          2
i - Swiftness             Air            16%        N/A       10%         3

Your spell library contained the following spells:

 Spells                   Type           Power      Damage    Failure   Level
 Portal Projectile        Hex/Tloc       96%        N/A       1%          3
 Blink                    Tloc           32%        N/A       4%          2
 Petrify                  Tmut/Erth      16%        N/A       30%         4
 Irradiate                Conj/Tmut      10%        3d16      41%         5
 Dispersal                Tloc           8%         N/A       99%         6
 Malign Gateway           Summ/Tloc      8%         N/A       100%        7
 Disjunction              Tloc           8%         N/A       100%        8


Dungeon Overview and Level Annotations

Branches:
Dungeon (1/1)

Altars:
Cheibriados
Dithmenos
Elyvilon
Fedhas
Gozag
Hepliaklqana
Kikubaaqudgha
Makhleb
Nemelex Xobeh
Okawaru
Qazlal
Ru
Sif Muna
Trog
Uskayaw
Vehumet
Wu Jian
Xom
Yredelemnul
Zin
The Shining One
Beogh
Jiyva
Lugonu

Shops:
D =![?:([[!!=?:*([((

Annotations:
D 2 exclusions


Innate Abilities, Weirdness & Mutations

You are very small and have problems with some larger weapons.
You are too small for most types of armour.
You have supernaturally acute eyesight. (SInv)
You cover ground extremely quickly. (Speed+++)


Message History

Aim: a spriggan defender, wielding a +0 dagger (wandering, blind, hasn't noticed you, umbra, 30% to hit)
You throw a curare-tipped dart.
The curare-tipped dart barely misses the spriggan defender.
The curare-tipped dart completely misses the spriggan defender.
You closely miss the spriggan defender.
The spriggan defender is moderately wounded.
You catch the helpless spriggan defender completely off-guard!
You skewer the spriggan defender like a kebab!!!
You kill the spriggan defender!
Dithmenos accepts your kill.
Throw: 2 darts (curare)
Press: ? - help, Q - select action, (/) - cycle Shift-Dir - straight line, f/p - spriggan defender
Aim: a spriggan defender, wielding a +0 dagger (blind, umbra, 30% to hit)
You throw a curare-tipped dart.
The curare-tipped dart hits the spriggan defender.
The spriggan defender is poisoned.
The spriggan defender convulses.
The spriggan defender seems to slow down.
The spriggan defender is lightly wounded.
Aiming: Throw Flame
Press: ? - help, Shift-Dir - straight line, f/p - spriggan defender
Aim: a spriggan defender, wielding a +0 dagger (lightly wounded, wandering, blind, very poisoned, slow, hasn't noticed you, umbra, 33% to hit)
The puff of flame misses the spriggan defender.
Unknown command.
You start resting.
A spriggan defender is nearby!
Casting: Dazzling Flash (safe; 1% risk of failure)
Confirm with . or Enter, or press ? or * to list all spells.
Casting: Dazzling Flash (safe; 1% risk of failure)
Press: ? - help, Dir - look around, f - activate The spriggan defender is dazzled.
Unknown command.
Unknown command.
You see here a +0 dagger.
You completely miss the spriggan defender.
The spriggan defender is moderately wounded.
You hit the spriggan defender.
The spriggan defender writhes in agony.
The spriggan defender is moderately wounded.
Your shadow hits the spriggan defender with a short sword.
The spriggan defender hits you with a +0 dagger!!
You die...

†.....#***,_,#.....#,,,*c§≈≈≈≈**+
'###########*#'#####,,,***≈≈***,,
.......†...###.....+,,,+,*,**,*,*
...†..†.....##.############*,,+,*
##########..##.#$PP........+,,***
#........†..##.#PP.)...########,,
.....††....###.#.....###.∩⌠⌠∩.#,,
..########## #.#...###§#..⌠⌠∩.#,*
......††...###.#@###§..#.∩∩∩∩.#,,
#.†.........##.#i#..§§§#.∩∩∩∩.#,,
##########..##.#)....§.#......#,*
#.))........##.#.......###''###,,
∩.)).......###..((.(§..#.8§.8.#,,
∩.####################.#§§....#**
∩...........##.#.#§#§#§..§....#,*
#..........†##....§§..§.§.....#+*
##############....§§.§§§§§....#^,


You could see a spriggan defender (blind, poisoned, slow).

Vanquished Creatures
  Rupert (D)
  Polyphemus (D)
  Harold (D)
  Gastronok (D)
  A nagaraja (D)
  Ilsuiw (D)
  2 dire elephants (D)
  Snorg (D)
  A merfolk javelineer (D)
  2 hydras (D)
  A centaur warrior (D)
  4 anacondas (D)
  A naga warrior (D)
  4 death yaks (D)
  3 orc high priests (D)
  Urug (D)
  A sea snake (D)
  A death drake (D)
  An orange crystal statue (D)
  Joseph (D)
  A lindwurm (D)
  A deep elf pyromancer (D)
  An orc sorcerer (D)
  4 crystal guardians (D)
  2 elephants (D)
  A guardian serpent (D)
  10 black mambas (D)
  An unseen horror (D)
  2 cane toads (D)
  A komodo dragon (D)
  A rime drake (D)
  3 wandering mushrooms (D)
  3 spriggan defenders (D)
  8 blink frogs (D)
  2 tyrant leeches (D)
  3 dream sheep (D)
  A shadow (D)
  3 redbacks (D)
  A spatial vortex (D)
  2 nagas (D)
  3 water moccasins (D)
  A swamp drake (D)
  5 orc warriors (D)
  2 centaurs (D)
  An earth elemental (D)
  A necrophage (D)
  A water elemental (D)
  An electric eel (D)
  A jelly (D)
  2 orc priests (D)
  Crazy Yiuf (D)
  A wizard (D)
  A necromancer (D)
  2 orc wizards (D)
  A kobold demonologist (D)
  3 humans (D)
  An adder (D)
  6 orcs (D)
  4 rats (D)
119 creatures vanquished.

Vanquished Creatures (others)
  An orc priest (D)
  2 orcs (D)
  8 plants (D)
11 creatures vanquished.

Grand Total: 130 creatures vanquished

Notes
Turn   | Place    | Note
-------+----------+-------------------------------------------
     0 | D        | mhtbhm the Spriggan Enchanter began the quest for the Orb.
     0 | D        | Reached XP level 1. HP: 9/9 MP: 5/5
    14 | D        | Reached skill level 5 in Stealth
   164 | D        | Noticed Crazy Yiuf
   167 | D        | Killed Crazy Yiuf
   168 | D        | Reached skill level 7 in Stealth
   168 | D        | Reached skill level 5 in Hexes
   168 | D        | Reached XP level 2. HP: 13/13 MP: 5/7
   168 | D        | Reached XP level 3. HP: 16/16 MP: 6/9
   185 | D        | Learned a level 2 spell: Ensorcelled Hibernation
   375 | D        | Learned a level 3 spell: Confusing Touch
   394 | D        | Reached skill level 8 in Stealth
   550 | D        | Learned a level 3 spell: Tukima's Dance
   553 | D        | Learned a level 2 spell: Sublimation of Blood
   576 | D        | Noticed a water elemental
   578 | D        | Killed a water elemental
   579 | D        | Reached skill level 9 in Stealth
   579 | D        | Reached skill level 5 in Spellcasting
   579 | D        | Reached skill level 1 in Ice Magic
   579 | D        | Reached XP level 4. HP: 21/21 MP: 10/12
   599 | D        | Found a shadowy altar of Dithmenos.
   599 | D        | Noticed a necrophage
   600 | D        | Found a basalt altar of Yredelemnul.
   600 | D        | Found a sacrificial altar of Ru.
   602 | D        | Killed a necrophage
   603 | D        | Reached skill level 11 in Stealth
   603 | D        | Reached XP level 5. HP: 25/25 MP: 12/14
   616 | D        | Learned a level 3 spell: Dazzling Flash
   622 | D        | Found a glowing silver altar of Zin.
   623 | D        | Found a glowing golden altar of the Shining One.
   623 | D        | Found a white marble altar of Elyvilon.
   623 | D        | Noticed a deep elf pyromancer
   625 | D        | Killed a deep elf pyromancer
   626 | D        | Reached skill level 1 in Fighting
   626 | D        | Reached skill level 5 in Short Blades
   626 | D        | Reached skill level 14 in Stealth
   626 | D        | Reached XP level 6. HP: 30/30 MP: 15/18
   626 | D        | Reached XP level 7. HP: 33/33 MP: 15/19
   636 | D        | Became a worshipper of Dithmenos the Shadowed
   661 | D        | Found a radiant altar of Vehumet.
   662 | D        | Found a shimmering blue altar of Sif Muna.
   662 | D        | Found an ancient bone altar of Kikubaaqudgha.
   682 | D        | Found a hide-covered altar of Uskayaw.
   682 | D        | Found an iron altar of Okawaru.
   683 | D        | Found a bloodstained altar of Trog.
   683 | D        | Found an ornate altar of the Wu Jian Council.
   683 | D        | Noticed a human
   683 | D        | Noticed a human
   719 | D        | Killed a human
   719 | D        | Reached * piety under Dithmenos
   720 | D        | Reached skill level 15 in Stealth
   729 | D        | Killed a human
   848 | D        | Noticed a shadow
   850 | D        | Killed a shadow
   851 | D        | Reached skill level 10 in Hexes
   851 | D        | Reached XP level 8. HP: 39/39 MP: 20/22
   854 | D        | Reached ** piety under Dithmenos
   855 | D        | Reached skill level 16 in Stealth
   857 | D        | Found a blossoming altar of Fedhas.
   857 | D        | Found a stormy altar of Qazlal.
   858 | D        | Found a snail-covered altar of Cheibriados.
   858 | D        | Found a burning altar of Makhleb.
   858 | D        | Found a hazy altar of Hepliaklqana.
   858 | D        | Found a shimmering altar of Xom.
   858 | D        | Found an opulent altar of Gozag.
   858 | D        | Found a sparkling altar of Nemelex Xobeh.
   858 | D        | Found a corrupted altar of Lugonu.
   858 | D        | Found a viscous altar of Jiyva.
   862 | D        | Reached skill level 10 in Spellcasting
   862 | D        | Reached skill level 1 in Necromancy
   882 | D        | Noticed Snorg
   885 | D        | Killed Snorg
   886 | D        | Reached skill level 5 in Dodging
   886 | D        | Reached skill level 18 in Stealth
   886 | D        | Reached skill level 1 in Conjurations
   913 | D        | Reached skill level 5 in Ice Magic
   918 | D        | Noticed a centaur warrior
   921 | D        | Reached XP level 9. HP: 43/43 MP: 24/24
   922 | D        | Reached *** piety under Dithmenos
   923 | D        | Killed a centaur warrior
   924 | D        | Reached skill level 20 in Stealth
   924 | D        | Reached skill level 1 in Invocations
   938 | D        | Noticed an unseen horror
   939 | D        | Killed an unseen horror
   944 | D        | Noticed a wandering mushroom
   948 | D        | Noticed a wandering mushroom
   950 | D        | Noticed a wandering mushroom
   951 | D        | Killed a wandering mushroom
   952 | D        | Reached skill level 21 in Stealth
   956 | D        | Killed a wandering mushroom
   956 | D        | Reached **** piety under Dithmenos
  1189 | D        | Noticed Harold
  1189 | D        | Noticed Joseph
  1191 | D        | Killed Joseph
  1192 | D        | Reached skill level 22 in Stealth
  1192 | D        | Reached XP level 10. HP: 45/48 MP: 22/27
  1193 | D        | Killed Harold
  1194 | D        | Reached skill level 23 in Stealth
  1231 | D        | Noticed an orc high priest
  1231 | D        | Noticed an orc sorcerer
  1247 | D        | Reached ***** piety under Dithmenos
  1248 | D        | Reached skill level 24 in Stealth
  1253 | D        | Killed an orc sorcerer
  1264 | D        | Reached skill level 1 in Evocations
  1290 | D        | Killed an orc high priest
  1291 | D        | Reached skill level 25 in Stealth
  1291 | D        | Reached ****** piety under Dithmenos
  1299 | D        | Found Doisun's Antique Armour Shoppe.
  1417 | D        | Noticed a sun demon
  1419 | D        | Noticed a rust devil
  1424 | D        | Noticed a soul eater
  1756 | D        | Noticed a cane toad
  1756 | D        | Noticed a cane toad
  1770 | D        | Killed a cane toad
  1826 | D        | Noticed a yaktaur captain
  1826 | D        | Noticed a yaktaur captain
  1826 | D        | Noticed a yaktaur captain
  1854 | D        | Killed a cane toad
  1855 | D        | Reached XP level 11. HP: 48/52 MP: 24/29
  1876 | D        | Reached skill level 26 in Stealth
  1883 | D        | Noticed a lindwurm
  1886 | D        | Killed a lindwurm
  1894 | D        | Noticed Urug
  1896 | D        | Killed Urug
  1899 | D        | Upgraded the game from 0.29-a0-721-g7f417c9bbb to
                  | 0.29-a0-723-gce39da1c22
  1905 | D        | Noticed a five-headed hydra
  1905 | D        | Noticed a seven-headed hydra
  1907 | D        | Killed a five-headed hydra
  1908 | D        | Reached skill level 27 in Stealth
  1908 | D        | Killed a seven-headed hydra
  2150 | D        | Noticed a death drake
  2153 | D        | Killed a death drake
  2161 | D        | Noticed an anaconda
  2170 | D        | Reached skill level 15 in Spellcasting
  2173 | D        | Killed an anaconda
  2174 | D        | Reached skill level 10 in Short Blades
  2174 | D        | Reached skill level 1 in Throwing
  2177 | D        | Reached skill level 15 in Hexes
  2179 | D        | Noticed an anaconda
  2180 | D        | Noticed an anaconda
  2186 | D        | Killed an anaconda
  2193 | D        | Killed an anaconda
  2215 | D        | Noticed an anaconda
  2218 | D        | Reached XP level 12. HP: 57/58 MP: 31/33
  2221 | D        | Killed an anaconda
  2231 | D        | Noticed a naga warrior
  2231 | D        | Noticed a nagaraja
  2231 | D        | Found Tirghetog's Magic Scroll Shop.
  2231 | D        | Found Awkihasa's Book Shoppe.
  2231 | D        | Found Sufycvot's Antique Weapon Boutique.
  2235 | D        | Killed a nagaraja
  2236 | D        | Killed a naga warrior
  2250 | D        | Got a serpentine rune of Zot
  2263 | D        | Bought a book of Burglary for 220 gold pieces
  2263 | D        | Bought a book of Maledictions for 286 gold pieces
  2271 | D        | Learned a level 7 spell: Enfeeble
  2276 | D        | Learned a level 4 spell: Anguish
  2279 | D        | Learned a level 2 spell: Passwall
  2283 | D        | Learned a level 3 spell: Swiftness
  2304 | D        | Bought a scroll of blinking for 82 gold pieces
  2405 | D        | Reached skill level 5 in Fighting
  2586 | D        | Noticed Rupert
  2588 | D        | Killed Rupert
  2601 | D        | Noticed a dire elephant
  2601 | D        | Noticed a dire elephant
  2601 | D        | Noticed Gastronok
  2607 | D        | Killed a dire elephant
  2609 | D        | Killed Gastronok
  2610 | D        | Killed a dire elephant
  2614 | D        | Noticed an azure jelly
  2614 | D        | Noticed an azure jelly
  2614 | D        | Noticed an azure jelly
  2615 | D        | Noticed an azure jelly
  2629 | D        | Noticed a death yak
  2630 | D        | Noticed a death yak
  2631 | D        | Killed a death yak
  2632 | D        | Noticed a death yak
  2632 | D        | Noticed a death yak
  2633 | D        | Killed a death yak
  2634 | D        | Reached skill level 5 in Invocations
  2636 | D        | Killed a death yak
  2637 | D        | Reached skill level 10 in Ice Magic
  2638 | D        | Killed a death yak
  2639 | D        | Reached XP level 13. HP: 61/65 MP: 32/36
  2678 | D        | Noticed Polyphemus
  2704 | D        | Killed Polyphemus
  2890 | D        | Noticed Ilsuiw
  2892 | D        | Killed Ilsuiw
  2931 | D        | Found Kockigap's Jewellery Shoppe.
  2931 | D        | Found Xenikh's Distillery.
  2931 | D        | Found Cuotwuqio's Antique Armour Emporium.
  2931 | D        | Noticed a merfolk javelineer
  2939 | D        | Killed a merfolk javelineer
  2946 | D        | Bought a runed scarf for 152 gold pieces
  2947 | D        | Bought 2 potions of heal wounds for 130 gold pieces
  2947 | D        | Bought a potion of might for 52 gold pieces
  2947 | D        | Bought a potion of invisibility for 104 gold pieces
  2947 | D        | Bought a potion of haste for 130 gold pieces
  2960 | D        | Got a barnacled rune of Zot
  3152 | D        | Found Miun Buy's Magic Scroll Emporium.
  3152 | D        | Found Puados's General Store.
  3152 | D        | Found Jorampit's Distillery.
  3152 | D        | Found Xaso's Weapon Shoppe.
  3152 | D        | Found Gitemieh's Jewellery Boutique.
  3152 | D        | Found Menkaoxa's Book Emporium.
  3152 | D        | Found Gishiklu's Distillery.
  3152 | D        | Found Kenopof's Weapon Shop.
  3152 | D        | Found Seuzyetucs's Antique Armour Emporium.
  3152 | D        | Found Selam's Armour Emporium.
  3152 | D        | Found Riurid's Antique Weapon Boutique.
  3194 | D        | Bought the Handbook of Orientation for 576 gold pieces
  3208 | D        | Bought a scroll of blinking for 105 gold pieces
  3208 | D        | Bought a scroll of blinking for 105 gold pieces
  3208 | D        | Bought a scroll of blinking for 105 gold pieces
  3211 | D        | Bought a potion of flight for 33 gold pieces
  3211 | D        | Bought a potion of flight for 33 gold pieces
  3214 | D        | Bought the +6 short sword of the Hurting Boar {pain, rN+}
                  | for 633 gold pieces
  3234 | D        | Bought a scroll of magic mapping for 49 gold pieces
  3331 | D        | Slain by a spriggan defender

Illustrated notes

Levels and vault maps discovered:
D:        dungeon_sprint_mu [sprint_mu_entry_cave, sprint_mu_temple_rooms,
          sprint_mu_d1_horrors, sprint_mu_d2_genie, sprint_mu_d3_branching,
          sprint_mu_orc_legion, sprint_mu_elf_gauntlet, sprint_mu_hive_nellie,
          sprint_mu_lair_fedhas, sprint_mu_vaults_butterflies,
          sprint_mu_slime_circle, sprint_mu_shoals_archi,
          sprint_mu_snake_twists, sprint_mu_blade_basic,
          sprint_mu_crypt_chambers, sprint_mu_tomb_spiral,
          sprint_mu_vestibule_basic, sprint_mu_gehenna_hellfire,
          sprint_mu_dis_giant, sprint_mu_tartarus_statrot,
          sprint_mu_cocytus_islands, sprint_mu_zot1]

Skill      XL: |  1  2  3  4  5  6  7  8  9 10 11 12 13 |
---------------+----------------------------------------+-----
Stealth        | 7 9 11 14 15 18 22 25 27 | 27.0
Dodging        | 3 4 5 7 8 9 |  9.3
Spellcasting   | 3 5 6 8 9 10 12 13 16 18 20 | 20.3
Hexes          | 5 6 7 9 10 11 13 15 18 20 | 20.3
Short Blades   | 3 5 6 7 8 9 10 11 | 11.1
Ice Magic      | 1 2 4 5 7 10 | 10.9
Fighting       | 1 2 3 4 5 6 |  6.0
Necromancy     | 1 2 3 |  3.8
Conjurations   | 1 2 3 |  3.2
Invocations    | 1 2 3 5 6 |  6.0
Evocations     | 2 |  2.7
Throwing       | 1 3 |  3.2

Action                   |  1- 3 |  4- 6 |  7- 9 | 10-12 | 13-15 || total
-------------------------+-------+-------+-------+-------+-------++-------
Melee: Dagger            |    19 |     3 |    28 |   127 |    34 ||   211
       Short sword       |       |       |       |       |    21 ||    21
       Punch             |       |       |       |       |     1 ||     1
Throw: Dart              |       |       |       |     2 |     6 ||     8
 Cast: Ensorcelled Hiber |     9 |       |     1 |    24 |    11 ||    45
       Dazzling Flash    |       |       |     2 |    12 |     4 ||    18
       Sublimation of Bl |       |       |     2 |     2 |     1 ||     5
       Confusing Touch   |       |       |     3 |     3 |       ||     6
       Enfeeble          |       |       |       |       |     2 ||     2
       Anguish           |       |       |       |       |     1 ||     1
Invok: Shadow Step       |       |       |     2 |     7 |     5 ||    14
Evoke: Phial of floods   |       |       |       |     2 |       ||     2
       Wand              |       |       |       |     1 |     1 ||     2
  Use: Potion            |       |       |       |     1 |     3 ||     4
       Scroll            |       |       |       |       |     5 ||     5
 Stab: Sleeping          |     6 |     3 |    15 |    57 |    15 ||    96
       Confused          |       |       |     1 |     2 |       ||     3
       Invisible         |       |       |       |    14 |     6 ||    20
Armor: Robe              |     1 |       |       |     2 |       ||     3
Dodge: Dodged            |    12 |       |    11 |    44 |    23 ||    90

Table legend: (Time is in decaauts)
 A = Elapsed time spent in this place.
 B = Non-inter-level travel time spent in this place.
 C = Inter-level travel time spent in this place.
 D = Time resting spent in this place.
 E = Time spent auto-exploring this place.
 F = Levels seen in this place.
 G = Mean time per level.
                   A        B        C        D        E       F      G
               +--------+--------+--------+--------+--------+-----+--------+
         Total |   2788 |   2746 |     42 |   1536 |    106 |   1 | 2788.0 |
       Dungeon |   2788 |   2746 |     42 |   1536 |    106 |   1 | 2788.0 |
               +--------+--------+--------+--------+--------+-----+--------+

Top non-repeatable levels by time:
       D: 2788 daAuts
